 Dungeon Crawl Stone Soup version 0.31-a0-1424-g2add1c7226 (webtiles) character file.

Game seed: 4116508821594988980

305339 Pooter the Executioner (level 20, -6/192 HPs)
             Began as a Minotaur Berserker on Dec 25, 2023.
             Was a High Priest of Trog.
             Killed from afar by an Ice Fiend (35 damage)
             ... with a bolt of cold
             ... summoned by a deep elf demonologist
             ... on level 3 of the Elven Halls on Dec 27, 2023.
             The game lasted 05:03:59 (83988 turns).

Pooter the Executioner (Minotaur Berserker)        Turns: 83988, Time: 05:03:59

Health: -6/192     AC: 27    Str: 29    XL:     20   Next: 28%
Magic:  19/19      EV: 20    Int:  8    God:    Trog [*****.]
Gold:   2247       SH:  0    Dex: 22    Spells: 19/19 levels left

rFire   + . .        a - +4 battleaxe (heavy)
rCold   . . .        (shield currently unavailable)
rNeg    + . .        B - +6 plate armour of Jukon {rN+ rCorr Dex+3}
rPois   +            A - +1 hat "Nunuo" {rCorr Slay+3}
rElec   .            o - scarf {repulsion}
rCorr   +            N - +0 pair of fencer's gloves {Riposte Dex+3}
SInv    +            S - +2 pair of slick slippers {slick, slippery, EV+4}
Will    +++..        n - amulet of regeneration
Stlth   +            F - ring "Ewycein" {rPois rF+ Str+3 Dex+3 SInv}
HPRegen 2.32/turn    U - +4 ring of slaying
MPRegen 0.16/turn

%: random rage (3%), repel missiles
@: strong-willed, on berserk cooldown, regenerating, slowed, studying Axes, very
slow
A: horns 2, retaliatory headbutt, berserk 1, clever 1, inability to read after
injury 1
}: 2/15 runes: barnacled, gossamer
a: Renounce Religion, Berserk, Trog's Hand, Brothers in Arms


You were on level 3 of the Elven Halls.
You worshipped Trog.
Trog was extremely pleased with you.
You visited 7 branches of the dungeon, and saw 35 of its levels.
You also visited: Trove, Bailey and Ice Cave.

You collected 5345 gold pieces.
You spent 3098 gold pieces at shops.

Inventory:

Hand Weapons
 a - a +4 heavy battleaxe (weapon)
   (You took it off a hell knight on level 15 of the Dungeon)
 b - a +1 arbalest of draining
   (You took it off a kobold blastminer on level 2 of the Orcish Mines)
 i - the +6 executioner's axe "Ciwn" {protect, rC+ rN+ Str+3 Dex-5}
   (You acquired it on level 1 of the Spider Nest)

   Str+3:     It affects your strength (+3).
   Dex-5:     It affects your dexterity (-5).
   rC+:       It protects you from cold.
   rN+:       It protects you from negative energy.
 H - a +6 antimagic executioner's axe
   (Trog gifted it to you on level 3 of the Spider Nest)
 K - the +8 trishula "Condemnation" {holy, anguish, *Noise Fly rN+}
   (You bought it in a shop on level 10 of the Dungeon)

   rN+:       It protects you from negative energy.
   Fly:       It grants you flight.
   *Noise:    It may make a loud noise when swung.
 V - a +0 battleaxe of flaming
   (You took it off a hell knight on level 1 of the Depths)
Missiles
 l - 12 curare-tipped darts
 q - 45 boomerangs (quivered)
 x - 10 silver javelins
 L - 24 javelins
Armour
 o - a scarf of repulsion (worn)
   (You found it on level 4 of the Spider Nest)
 r - the +3 salamander hide armour {Flames, rFlCloud rF++ rC--}
   (You found it on level 2 of the Depths)

   Flames:    It surrounds you with flame clouds and enhances your fire magic.
   rFlCloud:  It grants immunity to flame clouds.
   rF++:      It greatly protects you from fire.
   rC--:      It makes you very vulnerable to cold.
 A - the +1 hat "Nunuo" (worn) {rCorr Slay+3}
   (You acquired it on level 1 of the Spider Nest)

   Slay+3:    It affects your accuracy & damage with ranged weapons and melee
   (+3).
   rCorr:     It protects you from acid and corrosion.
 B - the +6 plate armour of Jukon (worn) {rN+ rCorr Dex+3}
   (You took it off a merfolk on level 4 of the Shoals)

   Dex+3:     It affects your dexterity (+3).
   rN+:       It protects you from negative energy.
   rCorr:     It protects you from acid and corrosion.
 N - the +0 pair of fencer's gloves (worn) {Riposte Dex+3}
   (You acquired it on level 13 of the Dungeon)

   Riposte:   It allows the wearer to riposte with melee weapons, swiftly
   retaliating against missed or blocked melee attacks.
   Dex+3:     It affects your dexterity (+3).
 S - the +2 pair of slick slippers (worn) {slick, slippery, EV+4}
   (You acquired it in a bailey)

   Slick:     Its wearer cannot be constricted, engulfed, netted or webbed.
   Slippery:  Its wearer slips away from damaging melee attacks, pulling the
   attacker onward.
   EV+4:      It affects your evasion (+4).
Jewellery
 n - an amulet of regeneration (around neck)
   (You found it on level 1 of the Spider Nest)
 w - a ring of protection from cold
   (You found it on level 3 of the Dungeon)
 C - a ring of resist corrosion
   (You found it on level 1 of the Dungeon)
 E - a +6 ring of strength
   (You found it on level 1 of the Spider Nest)
 F - the ring "Ewycein" (left hand) {rPois rF+ Str+3 Dex+3 SInv}
   (You found it in a treasure trove)

   [ring of see invisible]

   Str+3:     It affects your strength (+3).
   Dex+3:     It affects your dexterity (+3).
   rF+:       It protects you from fire.
   rPois:     It protects you from poison SInv: It lets you see invisible.
 I - the ring of Gusapn {rElec rF- rC++ Will+ SInv}
   (You found it in a treasure trove)

   [ring of willpower]

   rF-:       It makes you vulnerable to fire.
   rC++:      It greatly protects you from cold.
   rElec:     It insulates you from electricity.
   Will+:     It increases your willpower.
   SInv:      It lets you see invisible.
 T - a ring of flight
   (You found it on level 3 of the Shoals)
 U - a +4 ring of slaying (right hand)
   (You found it on level 3 of the Lair of Beasts)
Wands
 f - a wand of flame (74)
   (You found it on level 10 of the Dungeon)
 u - a wand of paralysis (15)
   (You found it on level 11 of the Dungeon)
 y - a wand of polymorph (13)
   (You found it on level 5 of the Dungeon)
 D - a wand of digging (11)
   (You bought it in a shop on level 12 of the Dungeon)
 J - a wand of roots (10)
   (You found it on level 14 of the Dungeon)
 Y - a wand of mindburst (2)
   (You found it on level 4 of the Lair of Beasts)
 Z - a wand of quicksilver (19)
   (You found it on level 12 of the Dungeon)
Scrolls
 c - 3 scrolls of poison {!r}
 g - 5 scrolls of fear
 k - 4 scrolls of silence
 p - a scroll of revelation
 s - 4 scrolls of fog
 t - 15 scrolls of teleportation {@r4}
 z - 6 scrolls of blinking
 W - a scroll of summoning
 X - 4 scrolls of immolation {!r}
Potions
 d - 4 potions of cancellation
 e - 9 potions of lignification {!q}
 h - 19 potions of curing {@q1}
 j - 4 potions of enlightenment
 m - 6 potions of attraction {!q}
 v - 6 potions of mutation {!q}
 O - 7 potions of heal wounds {@q2}
 Q - 3 potions of haste {@q3}
 R - 2 potions of resistance
Miscellaneous
 G - a phantom mirror
   (You found it on level 10 of the Dungeon)
 M - a condenser vane (inert)
   (You found it on level 4 of the Shoals)
 P - a sack of spiders (inert)
   (You found it on level 4 of the Shoals)


   Skills:
 + Level 19.6 Fighting
 - Level 24.0 Axes
 - Level 18.3 Ranged Weapons
 + Level 8.9 Throwing
 + Level 15.9 Armour
 - Level 12.7 Dodging
 + Level 10.3 Stealth
 + Level 11.2 Evocations


You had 19 spell levels left.
You didn't know any spells.
Your spell library was empty.

Dungeon Overview and Level Annotations

Branches:
Dungeon (15/15) Zot: 22499  Temple (0/1) D:7            Lair (5/5) D:8 Zot: 15108
 Shoals (4/4) Lair:3 Zot: 13859  Spider (4/4) Lair:2 Zot: 8482   Slime (0/5) Lair:5
    Orc (2/2) D:11 Zot: 2061     Elf (3/3) Orc:2 Zot: 12720  Vaults (0/5) D:14
 Depths (2/4) D:15 Zot: 6305  Bailey (visited)           IceCv (visited)

Altars:
Ashenzari
Cheibriados
Dithmenos
Elyvilon
Fedhas
Gozag
Kikubaaqudgha
Nemelex Xobeh
Qazlal
Ru
Sif Muna
Uskayaw
Xom
Zin
The Shining One

Shops:
D:9 :   D:10 *!(   D:12 *   D:13 :   Orc:2 (:*[   Elf:1 [   Elf:2 *
Shoals:1 *(

Portals:
Hell: Depths:1 Depths:2

Annotations:
D:12 Ofeo's ghost, journeyman OnGl
Elf:2 3 runed translucent doors
Depths:2 Norris; Sojobo


Innate Abilities, Weirdness & Mutations

You have a pair of horns on your head.
You reflexively headbutt those who attack you in melee.
You sometimes lose your temper in combat.
Your mind is acute. (Int +4, Str/Dex -1)
You occasionally lose the ability to read scrolls when taking damage.


Message History

a - a +4 heavy battleaxe (weapon)
The hellwing misses you. You furiously retaliate!
You headbutt the hellwing! The hellwing closely misses you.
The deep elf demonologist gestures wildly while chanting. x2
You hit the hellwing but do no damage.
You headbutt the hellwing, but do no damage.
The hellwing barely misses you. You furiously retaliate!
You headbutt the hellwing! The hellwing misses you.
The tormentor shouts, "Prepare for my thousand needles of pain!"
The deep elf demonologist casts a spell.
The Brimstone Fiend calls on the powers of darkness!
The deep elf demonologist convulses!
The deep elf annihilator convulses!
Your body is wracked with pain!
The deep elf demonologist convulses!
A red film seems to cover your vision as you go berserk!
You feel yourself moving faster!
You feel mighty! The hellwing closely misses you.
The hellwing completely misses you.
The Ice Fiend calls on the powers of darkness!
The deep elf annihilator convulses!
Your body is wracked with pain!
* * * LOW HITPOINT WARNING * * *
The deep elf demonologist convulses! x2
You slash the hellwing!
You kill the hellwing!
The hellwing disappears in a puff of smoke!
You barely miss the Ice Fiend.
The Ice Fiend claws you but does no damage.
The Ice Fiend closely misses you.
The deep elf annihilator gestures wildly while chanting.
The deep elf annihilator blinks!
The deep elf demonologist mumbles some strange words.
You feel a strong urge to attack something.
The Ice Fiend calls on the powers of darkness!
The deep elf demonologist convulses!
Your body is wracked with pain!
* * * LOW HITPOINT WARNING * * *
You feel your anger nearly subside.
The Brimstone Fiend calls on the powers of darkness!
The deep elf demonologist convulses!
Your body is wracked with pain!
* * * LOW HITPOINT WARNING * * *
You are no longer berserk.
You are exhausted.
You feel yourself slow down.
The Ice Fiend calls on the powers of darkness!
Your body is wracked with pain!
* * * LOW HITPOINT WARNING * * *
Unknown command.
The Ice Fiend gestures at you. The bolt of cold misses you.
Unknown command.
The Ice Fiend gestures at you. The bolt of cold hits you!!
You die...

# ###.......###.# #.# #
##....)....##.# #.# #
#..........##.# #.#
###..........'..# #.#
..'.........###.# #.##
###........####.### #..###
# ##......## #....# #.....
# ##....##
#.<#.##########..#.# #
###'## #..@....11.....e4.ee
#
#.######..#.###4######e####
#######.........#.# #.# #2#
.........#####..#.###.# #..
########.# #...)))..# #.##
# ####'## #..#.###.# #.# #
##.....## #..#.# #.# ### #
##..[....###..#.# #.#####
###.........##..#.# #.....#


You could see a Brimstone Fiend (summoned), an Ice Fiend (summoned) and an ice
devil (summoned).

Vanquished Creatures
  A juggernaut (Depths:2)
  Nikola (Shoals:1)
  Jorgrun (Orc:2)
  A lich (Depths:2)
  A deep elf blademaster (Elf:3)
  2 sphinxes (Depths:2)
  The ghost of Mungiw the Peltast, an adept MiBe of Trog (Shoals:2)
  2 krakens
  A tengu reaver (Depths:2)
  2 frost giants (Depths:1)
  The ghost of Alvadar the Sorcerer, an adept DECj of Sif Muna (Depths:1)
  A deep elf sorcerer (Elf:3)
  6 emperor scorpions
  The ghost of benadryl the Blocker, a journeyman GnFi of Ashenzari (Orc:2)
  4 fire giants
  A balrug (Depths:1)
  An iron dragon (Depths:2)
  5 ghost moths
  The ghost of Iseir the Thaumaturge, a journeyman DjFE of Cheibriados (Lair:5)
  2 orc warlords
  2 deep elf elementalists
  5 very ugly things
  4 broodmothers
  A reaper (IceCv)
  A spriggan defender (Depths:2)
  2 stone giants (Depths:1)
  3 deep elf death magi (Elf:3)
  5 spark wasps (Depths:2)
  5 deep elf annihilators
  A deep elf demonologist (Elf:3)
  A minotaur (Orc:2)
  Azrael (Orc:2)
  2 ettins
  7 fire dragons
  9 merfolk impalers
  2 jiangshi (Depths:1)
  Josephine (Lair:4)
  2 merfolk javelineers
  Harold (Orc:1)
  5 entropy weavers
  6 hydras
  3 rakshasas
  4 vault guards (D:14)
  3 salamander tyrants (Depths:2)
  Erolcha (Orc:2)
  A spriggan air mage (Depths:2)
  3 ice dragons
  A radroach (Spider:1)
  2 death knights
  3 jorogumos (Spider:4)
  3 merfolk avatars
  An alligator snapping turtle (Shoals:4)
  3 boulder beetles
  2 ogre magi
  A catoblepas (D:14)
  7 centaur warriors
  19 dancing weapons
  2 merfolk aquamancers (Shoals:4)
  A satyr (Shoals:4)
  5 two-headed ogres
  2 vampire magi (Depths:1)
  3 tengu warriors (Depths:1)
  3 deep troll shamans
  8 death yaks
  10 demonic crawlers
  2 spriggan berserkers (Depths:2)
  5 deep troll earth magi
  Urug (Lair:4)
  An occultist (Depths:2)
  An orc high priest (Orc:2)
  14 deep elf knights
  10 hell knights
  Nergalle (Orc:2)
  A sun demon (Depths:1)
  5 skeletal warriors
  5 skysharks
  6 iron trolls
  4 pharaoh ants
  A salamander mystic (Depths:2)
  2 glowing orange brains (Depths:1)
  11 sea snakes
  10 deep trolls
  13 orb spiders
  3 sun moths
  An arcanist (D:12)
  11 deep elf archers
  An obsidian statue (D:12)
  14 harpies
  2 necromancers (Depths:1)
  6 orc knights
  4 lindwurms (D:11)
  14 deep elf pyromancers
  A harpy (shapeshifter) (D:13)
  7 steelbarb worms
  6 cyclopes
  20 ugly things
  21 wolf spiders
  4 orc sorcerers
  17 deep elf zephyrmancers
  3 salamanders
  3 kobold blastminers
  10 manticores
  6 merfolk sirens
  3 moths of wrath
  5 large abominations (D:12)
  6 fauns
  4 meliai
  3 water nymphs
  9 elephants (Lair:5)
  2 ice statues (IceCv)
  5 torpor snails
  6 black mambas
  An orange demon (Lair:2)
  2 gargoyles
  Jeremiah (Lair:1)
  9 cane toads
  3 unseen horrors
  2 rime drakes (D:12)
  A smoke demon (Depths:1)
  An efreet (D:15)
  6 ice devils (IceCv)
  An anaconda simulacrum (IceCv)
  3 freezing wraiths
  7 komodo dragons
  3 red devils (D:8)
  5 trolls
  5 wind drakes
  29 merfolk
  7 polar bears
  5 hornets
  6 snapping turtles
  40 tarantellas
  4 dream sheep
  9 blink frogs
  41 jumping spiders
  34 culicivoras
  3 slime creatures (D:15)
  5 centaur simulacra (D:12)
  11 spriggans (Lair:5)
  A shadow (D:11)
  8 wraiths
  3 humans (D:14)
  86 yaks
  10 water elementals
  5 wyverns
  5 basilisks
  Grum (D:10)
  5 fire elementals
  65 redbacks
  2 death yak simulacra (IceCv)
  A steam dragon (D:6)
  13 vampire mosquitoes
  Menkaure (D:7)
  A warg (Orc:1)
  3 acid dragons
  A naga (shapeshifter) (Elf:1)
  2 hell hounds (Orc:2)
  14 water moccasins
  8 black bears
  3 ice beasts
  A sky beast (D:7)
  22 orc warriors
  7 ogres
  7 small abominations (D:12)
  4 boggarts (Lair:5)
  23 centaurs
  34 wolves
  A phantom (D:6)
  2 kobold brigands (D:8)
  10 bullfrogs
  A gnoll sergeant (D:13)
  2 two-headed ogre simulacra (IceCv)
  4 scorpions
  4 cane toad simulacra (IceCv)
  An earth elemental (Elf:3)
  9 wights
  An elephant simulacrum (IceCv)
  4 killer bees (D:10)
  2 howler monkeys
  An electric eel (D:12)
  13 orc priests
  A gnoll bouda (D:10)
  4 hounds
  Jessica (D:3)
  A sleepcap (D:5)
  3 iguanas (D:5)
  17 orc wizards
  3 spriggan simulacra (IceCv)
  A polar bear simulacrum (IceCv)
  3 troll simulacra (IceCv)
  10 adders
  18 gnolls
  2 shadow imps
  7 white imps
  9 ufetubi
  A worm (D:5)
  4 dart slugs
  48 orcs
  12 ball pythons
  8 endoplasms
  6 goblins
  11 hobgoblins
  8 jackals
  12 kobolds
  5 quokkas
  5 bats
  2 frilled lizards (D:1)
  4 rats
  A tentacle (Shoals:2)
1325 creatures vanquished.

Vanquished Creatures (collateral kills)
  Amaemon (Lair:2)
  A howler monkey (D:8)
  An orc priest (D:8)
  A gnoll bouda (D:8)
  8 gnolls
  2 orcs
14 creatures vanquished.

Vanquished Creatures (others)
  A centaur warrior (Shoals:3)
  An occultist (Depths:1)
  A deep elf zephyrmancer (Elf:2)
  A harpy (Shoals:2)
  A deep elf pyromancer (Elf:2)
  A black mamba (shapeshifter) (Elf:2)
  2 merfolk (Shoals:3)
  A culicivora (Spider:1)
  7 tentacles
16 creatures vanquished.

Grand Total: 1355 creatures vanquished

Notes
Turn   | Place    | Note
-------+----------+-------------------------------------------
     0 | D:1      | Pooter the Minotaur Berserker began the quest for the Orb.
     0 | D:1      | Reached XP level 1. HP: 19/19 MP: 0/0
   150 | D:1      | Reached skill level 4 in Axes
   191 | D:1      | Found a faded altar of an unknown god.
   249 | D:1      | Reached XP level 2. HP: 27/27 MP: 1/1
   384 | D:1      | Reached XP level 3. HP: 29/33 MP: 2/2
   597 | D:1      | Reached ** piety under Trog
  1141 | D:2      | Reached skill level 5 in Axes
  1839 | D:3      | Reached XP level 4. HP: 41/41 MP: 3/3
  1898 | D:3      | Reached skill level 1 in Ranged Weapons
  1985 | D:3      | Noticed Jessica
  2454 | D:3      | Killed Jessica
  2494 | D:3      | Reached XP level 5. HP: 29/47 MP: 4/4
  2837 | D:4      | Reached skill level 6 in Axes
  2845 | D:4      | Reached skill level 5 in Fighting
  3207 | D:4      | Noticed a black bear
  3211 | D:4      | Killed a black bear
  3212 | D:4      | Reached XP level 6. HP: 56/56 MP: 5/5
  3391 | D:5      | Entered Level 5 of the Dungeon
  3585 | D:5      | Reached *** piety under Trog
  3595 | D:5      | Noticed a water moccasin
  3606 | D:5      | Killed a water moccasin
  3607 | D:5      | Reached skill level 7 in Axes
  3607 | D:5      | Reached XP level 7. HP: 61/61 MP: 6/6
  3806 | D:5      | Found a snail-covered altar of Cheibriados.
  4220 | D:6      | Reached skill level 5 in Ranged Weapons
  4318 | D:6      | Noticed a steam dragon
  4324 | D:6      | Reached skill level 8 in Axes
  4326 | D:6      | Killed a steam dragon
  4327 | D:6      | Reached XP level 8. HP: 58/71 MP: 7/7
  4622 | D:6      | Noticed Eustachio
  4623 | D:6      | Eustachio changed into Eustachio the hound
  4623 | D:6      | Noticed Eustachio
  4627 | D:6      | Killed Eustachio the hound
  4691 | D:6      | Reached skill level 9 in Axes
  5045 | D:7      | Noticed a hornet
  5163 | D:7      | Found a staircase to the Ecumenical Temple.
  5560 | D:7      | Killed a hornet
  5561 | D:7      | Reached XP level 9. HP: 79/79 MP: 8/8
  5720 | D:7      | Noticed Menkaure
  5724 | D:7      | Killed Menkaure
  5725 | D:7      | Reached skill level 10 in Axes
  6493 | D:8      | Noticed a red devil
  6504 | D:8      | Killed a red devil
  6511 | D:8      | Noticed a red devil
  6520 | D:8      | Killed a red devil
  6547 | D:8      | Noticed a red devil
  6813 | D:8      | Killed a red devil
  6814 | D:8      | Reached skill level 11 in Axes
  6976 | D:8      | Found a staircase to the Lair.
  7142 | D:8      | Identified a scroll of acquirement
  7142 | D:8      | Acquired a manual of Ranged Weapons
  7902 | D:9      | Reached skill level 10 in Ranged Weapons
  8031 | D:8      | Reached XP level 10. HP: 58/90 MP: 9/9
  8187 | D:9      | Reached skill level 12 in Axes
  8456 | D:9      | Found Mioceakk's Vocational Training.
  8691 | D:9      | Found a shimmering blue altar of Sif Muna.
  8692 | D:9      | Found a shadowy altar of Dithmenos.
  8697 | D:9      | Found a sacrificial altar of Ru.
  8698 | D:9      | Found an ancient bone altar of Kikubaaqudgha.
  8698 | D:9      | Found a white marble altar of Elyvilon.
  8698 | D:9      | Found a blossoming altar of Fedhas.
  8698 | D:9      | Found a glowing golden altar of the Shining One.
  8698 | D:9      | Found a hide-covered altar of Uskayaw.
  8727 | D:9      | Found an opulent altar of Gozag.
  8728 | D:9      | Found a shimmering altar of Xom.
  8729 | D:9      | Found a broken altar of Ashenzari.
  8730 | D:9      | Found a stormy altar of Qazlal.
  8881 | D:10     | Entered Level 10 of the Dungeon
  8910 | D:10     | Noticed Grum
  8924 | D:10     | Killed Grum
  9056 | D:10     | Identified the +8 quarterstaff of Rurghaogh {venom, rN+
                  | SInv}
  9060 | D:10     | Found a flagged portal.
  9077 | Bailey   | Entered a bailey
  9506 | Bailey   | Reached **** piety under Trog
  9524 | Bailey   | Noticed an orc knight
  9538 | Bailey   | Killed an orc knight
  9539 | Bailey   | Reached skill level 13 in Axes
  9588 | Bailey   | Acquired the +2 pair of slick slippers {slick, slippery,
                  | EV+4}
  9588 | Bailey   | Found the +2 pair of slick slippers {slick, slippery, EV+4}
  9762 | D:10     | Found Hocsaz Xuimp's Assorted Antiques.
  9768 | D:10     | Bought a potion of curing for 75 gold pieces
  9768 | D:10     | Bought a scroll labelled HIUSIRRY ECKAE for 25 gold pieces
  9768 | D:10     | Bought a scroll of teleportation for 75 gold pieces
  9768 | D:10     | Bought a scroll of teleportation for 75 gold pieces
  9768 | D:10     | Bought a metallic purple potion for 22 gold pieces
  9768 | D:10     | Bought a brown potion for 22 gold pieces
  9869 | D:10     | Reached skill level 10 in Fighting
  9869 | D:10     | Reached XP level 11. HP: 99/99 MP: 10/10
  9896 | D:10     | Found Duanoy's Distillery.
  9903 | D:10     | Bought a potion of invisibility for 104 gold pieces
  9903 | D:10     | Bought a potion of enlightenment for 65 gold pieces
 10040 | D:10     | Found Fiuhaq's Antique Weapon Boutique.
 10121 | D:10     | Found a glowing silver altar of Zin.
 10479 | Lair:1   | Entered Level 1 of the Lair of Beasts
 10479 | Lair:1   | Noticed Jeremiah
 10603 | Lair:1   | Killed Jeremiah
 10679 | Lair:1   | Reached skill level 14 in Axes
 10907 | Lair:1   | Reached skill level 15 in Ranged Weapons
 11345 | Lair:1   | Reached skill level 15 in Axes
 11507 | Lair:1   | Reached XP level 12. HP: 69/110 MP: 11/11
 11938 | Lair:2   | Noticed a four-headed hydra
 12996 | Lair:2   | Killed a four-headed hydra
 13275 | Lair:2   | Identified the +0 robe of the Morning Star {Harm Str+2}
 13561 | Lair:2   | Reached skill level 16 in Axes
 13791 | Lair:2   | Upgraded the game from 0.31-a0-1388-g4b2ba238e7 to
                  | 0.31-a0-1405-g2bb1a01664
 13880 | Lair:2   | Found a hole to the Spider Nest.
 14215 | Lair:2   | Noticed Amaemon
 14228 | Lair:2   | Killed Amaemon
 14975 | D:10     | Bought a potion of resistance for 130 gold pieces
 15127 | Lair:3   | Found a staircase to the Shoals.
 16095 | Lair:4   | Reached skill level 17 in Axes
 16095 | Lair:4   | Reached XP level 13. HP: 118/119 MP: 12/12
 16129 | Lair:4   | Noticed Urug
 16136 | Lair:4   | Killed Urug
 16156 | Lair:4   | Reached skill level 1 in Evocations
 16172 | Lair:4   | Noticed Josephine
 16184 | Lair:4   | Killed Josephine
 16864 | Lair:5   | Entered Level 5 of the Lair of Beasts
 16868 | Lair:5   | Noticed Sonja
 16998 | Lair:5   | Sonja changed into Sonja the yak
 16998 | Lair:5   | Noticed Sonja
 17004 | Lair:5   | Killed Sonja the yak
 18294 | Lair:5   | Reached skill level 5 in Armour
 18892 | Lair:5   | Reached skill level 18 in Axes
 18920 | Lair:5   | Found a staircase to the Slime Pits.
 19028 | Lair:5   | Found a large runed translucent door.
 19028 | Lair:5   | Found a large runed translucent door.
 19028 | Lair:5   | Noticed Iseir's ghost (journeyman DjFE)
 20621 | Lair:5   | Reached skill level 1 in Stealth
 21070 | Lair:5   | Paralysed by a hornet for 3 turns
 21213 | Lair:5   | Reached XP level 14. HP: 124/129 MP: 13/13
 24374 | Lair:5   | Identified the +5 flail "Buoju" {speed, +Blink Str+5 Dex-3}
 25032 | D:11     | Found a staircase to the Orcish Mines.
 25059 | D:11     | Reached ***** piety under Trog
 25672 | Orc:1    | Entered Level 1 of the Orcish Mines
 25690 | Orc:1    | Noticed Harold
 25712 | Orc:1    | Killed Harold
 26301 | Orc:2    | Entered Level 2 of the Orcish Mines
 26305 | Orc:2    | Noticed Azrael
 26318 | Orc:2    | Killed Azrael
 26321 | Orc:2    | Noticed Erolcha
 26350 | Orc:2    | Killed Erolcha
 26432 | Orc:2    | Found a staircase to the Elven Halls.
 26549 | Orc:2    | Reached skill level 5 in Evocations
 26673 | Orc:2    | Reached skill level 5 in Dodging
 26728 | Orc:1    | Noticed an orc warlord
 26741 | Orc:2    | Killed an orc warlord
 27433 | Orc:2    | Noticed Jorgrun
 27456 | Orc:2    | Killed Jorgrun
 27744 | Orc:2    | Noticed an orc warlord
 27777 | Orc:1    | Killed an orc warlord
 33365 | Orc:2    | Noticed Nergalle
 33868 | Orc:2    | Noticed benadryl's ghost (journeyman GnFi)
 33880 | Orc:2    | Found a runed translucent gate.
 33880 | Orc:2    | Found a runed translucent gate.
 33880 | Orc:2    | Found a runed translucent gate.
 34152 | Orc:2    | Killed Nergalle
 34189 | Orc:2    | Found Woaz's General Store.
 34225 | Orc:2    | Found Ilysyefid's Antique Weapon Shoppe.
 34230 | Orc:2    | Found Feoruur's Book Shoppe.
 34247 | Orc:2    | Found Voklaab's Antique Armour Shoppe.
 34254 | Orc:2    | Bought a glowing cloak for 262 gold pieces
 35404 | D:12     | Found a frozen archway.
 35486 | IceCv    | Entered an ice cave
 36518 | IceCv    | Reached XP level 15. HP: 123/139 MP: 14/14
 39355 | D:12     | Found a runed translucent gate.
 39356 | D:12     | Found a runed translucent gate.
 39356 | D:12     | Found a runed translucent gate.
 39357 | D:12     | Found an opulent altar of Gozag.
 39359 | D:12     | Found Lesog's Assorted Antiques.
 39359 | D:12     | Noticed Ofeo's ghost (journeyman OnGl)
 39533 | D:12     | Reached skill level 5 in Stealth
 39871 | D:13     | Found Textout's Book Boutique.
 40300 | Orc:2    | Bought a scroll of blinking for 112 gold pieces
 40846 | D:13     | Acquired the +0 pair of fencer's gloves {Riposte Dex+3}
 40846 | D:13     | Found the +0 pair of fencer's gloves {Riposte Dex+3}
 40890 | D:13     | Reached skill level 15 in Fighting
 41608 | D:13     | Found a sparkling altar of Nemelex Xobeh.
 41697 | D:13     | Found a portal to a secret trove of treasure.
 42097 | D:14     | You fall into a shaft and drop 1 floor!
 42097 | D:15     | Entered Level 15 of the Dungeon
 42101 | D:15     | Identified the +8 mace "Faefid" {heavy, ^Fragile rElec
                  | Will+}
 42171 | D:15     | Found a staircase to the Depths.
 42322 | D:15     | Reached skill level 19 in Axes
 43878 | D:14     | Found a gate to the Vaults.
 44596 | D:15     | Reached skill level 10 in Armour
 44596 | D:15     | Reached XP level 16. HP: 132/149 MP: 15/15
 45047 | Orc:2    | Killed benadryl's ghost
 45379 | Lair:5   | Killed Iseir's ghost
 45523 | Lair:5   | Identified the staff of Gaec {Dex+2 Conj Alchemy}
 45915 | D:12     | Bought a crooked bronze wand for 88 gold pieces
 46105 | Depths:1 | Entered Level 1 of the Depths
 46482 | Depths:1 | Found a glowing silver altar of Zin.
 46882 | Depths:1 | Reached skill level 20 in Axes
 46989 | Depths:1 | Found a runed translucent door.
 46992 | Depths:1 | Noticed Alvadar's ghost (adept DECj)
 47008 | Depths:1 | Killed Alvadar's ghost
 48122 | Depths:1 | Found a gateway to Hell.
 49336 | Depths:2 | Noticed a sphinx
 49345 | Depths:2 | Killed a sphinx
 50508 | Depths:2 | Reached XP level 17. HP: 159/159 MP: 16/16
 50581 | Depths:2 | Found the +3 salamander hide armour {Flames, rFlCloud rF++
                  | rC--}
 50909 | Depths:2 | Found a one-way gate to the infinite horrors of the Abyss.
 50929 | Depths:2 | Noticed Sojobo
 50933 | Depths:2 | Noticed Norris
 50934 | Depths:2 | Noticed a lich
 50935 | Depths:2 | Reached skill level 10 in Dodging
 50942 | Depths:2 | Killed a lich
 51014 | Depths:2 | Noticed a sphinx
 51016 | Depths:2 | Killed a sphinx
 51438 | Depths:2 | Noticed a juggernaut
 51450 | Depths:2 | Killed a juggernaut
 51468 | Depths:2 | HP: 8/161 [tengu reaver/+0 great sword (24)]
 52203 | Spider:1 | Entered Level 1 of the Spider Nest
 53120 | Spider:1 | Found a runed translucent door.
 53250 | Spider:1 | Acquired the +1 hat "Nunuo" {rCorr Slay+3}
 53321 | Spider:1 | Acquired the +6 executioner's axe "Ciwn" {protect, rC+ rN+
                  | Str+3 Dex-5}
 53339 | Spider:1 | Identified the +6 falchion "Toss" {freeze, ^Drain rN+++
                  | Int+5}
 54076 | D:13     | You paid a toll of a +6 demon trident to enter a treasure
                  | trove
 54077 | Trove    | Entered a treasure trove
 54201 | Trove    | Identified the ring "Ewycein" {rPois rF+ Str+3 Dex+3 SInv}
 54208 | Trove    | Identified the +6 plate armour "Badaeber" {rC+}
 54221 | Trove    | Identified the ring of Gusapn {rElec rF- rC++ Will+ SInv}
 54607 | Spider:1 | Reached skill level 1 in Throwing
 54939 | Spider:1 | Reached XP level 18. HP: 135/170 MP: 17/17
 55916 | Spider:2 | Reached skill level 21 in Axes
 57690 | Spider:3 | Upgraded the game from 0.31-a0-1405-g2bb1a01664 to
                  | 0.31-a0-1424-g2add1c7226
 59257 | Spider:3 | Reached skill level 5 in Throwing
 59586 | Spider:3 | Received a gift from Trog
 59817 | D:10     | Bought the +8 trishula "Condemnation" {holy, anguish,
                  | *Noise Fly rN+} for 1887 gold pieces
 59817 | D:10     | Found the +8 trishula "Condemnation" {holy, anguish, *Noise
                  | Fly rN+}
 60052 | Spider:3 | Identified the +7 halberd of Gozag's Indignation {flame,
                  | Int+4}
 60265 | Spider:4 | Entered Level 4 of the Spider Nest
 60729 | Spider:3 | Reached skill level 10 in Evocations
 63401 | Spider:4 | Reached skill level 22 in Axes
 68158 | Spider:4 | Got a gossamer rune of Zot
 68455 | Shoals:1 | Entered Level 1 of the Shoals
 68805 | Shoals:1 | Found Meguvai's Antique Weapon Shop.
 68998 | Shoals:1 | Reached XP level 19. HP: 180/180 MP: 18/18
 69415 | Shoals:1 | Found Zeube Fuywn's Overcharged Wands.
 69461 | Shoals:1 | Noticed Nikola
 69482 | Shoals:1 | Killed Nikola
 69827 | Shoals:2 | Noticed Mungiw's ghost (adept MiBe)
 70077 | Shoals:2 | Reached skill level 23 in Axes
 70115 | Shoals:2 | Found a runed translucent door.
 70132 | Shoals:2 | Killed Mungiw's ghost
 70946 | Shoals:3 | Found a broken altar of Ashenzari.
 71029 | Shoals:3 | Identified the ring "Wihizxadoi" {rC- rCorr MP+9 EV+5 SInv}
 71879 | Shoals:4 | Entered Level 4 of the Shoals
 72080 | Shoals:4 | Reached ****** piety under Trog
 72090 | Shoals:3 | Received a gift from Trog
 72329 | Shoals:4 | Reached skill level 24 in Axes
 72992 | Shoals:4 | Reached skill level 15 in Armour
 75938 | Shoals:4 | Identified the +6 plate armour of Jukon {rN+ rCorr Dex+3}
 77921 | Shoals:4 | Got a barnacled rune of Zot
 78775 | Elf:1    | Entered Level 1 of the Elven Halls
 78836 | Elf:1    | Received a gift from Trog
 78914 | Elf:1    | Found Coudyifu's Armour Shop.
 79245 | Elf:1    | Reached skill level 10 in Stealth
 79446 | Elf:1    | Reached XP level 20. HP: 188/191 MP: 19/19
 80488 | Elf:2    | Found Qeidd's General Store.
 80498 | Elf:2    | Bought 4 curare-tipped darts for 76 gold pieces
 80498 | Elf:2    | Bought a potion of heal wounds for 80 gold pieces
 80994 | Elf:2    | Found a runed translucent gate.
 80994 | Elf:2    | Found a runed translucent gate.
 80996 | Elf:2    | Found a runed translucent gate.
 81249 | Elf:3    | Entered Level 3 of the Elven Halls
 83965 | Elf:3    | Gained mutation: Your mind is acute. (Int +4, Str/Dex -1)
                  | [a cacodemon]
 83968 | Elf:3    | Gained mutation: You sometimes lose your temper in combat.
                  | [a cacodemon]
 83969 | Elf:3    | Gained mutation: You occasionally lose the ability to read
                  | scrolls when taking damage. [a cacodemon]
 83988 | Elf:3    | Killed from afar by an Ice Fiend

Illustrated notes

Levels and vault maps discovered:
D:1:      dpeg_arrival_shrine, layout_loops_ring, basic_ecumenical_altar,
          minmay_nonomino_d4
D:2:      layout_rooms
D:3:      layout_loops_corners, minmay_shallow_snake_nest, uniq_jessica
D:4:      layout_loops_ring
D:5:      layout_basic, cheibriados_altar_1, minivault_11
D:6:      black_bear_nest_2, layout_loops_ring, uniq_eustachio
D:7:      layout_basic, minmay_temple_entry_statues_fountains,
          chequers_arboretum, uniq_menkaure
D:8:      layout_layer_cave, lair_entry_dummy, minivault_25,
          einodemon_armed_red_devil_minivault
D:9:      layout_rooms, minitemple, nicolae_shop_vocational
D:10:     layout_loops_corners, kennysheep_mini_moat, serial_shops, shop, shop,
          nicolae_shop_rolling_square, enter_bailey_4, minmay_misc_feat_pillars,
          uniq_grum
D:11:     layout_loops_ring, orc_0_dummy, minmay_lindwurm_lava
D:12:     layout_loops_corners, serial_ice, serial_ice_i, serial_ice_a,
          serial_ice_g, serial_ice_o, serial_ice_h, serial_ice_b, serial_ice_c,
          portal_ice_cave_rime, ebering_ghost_gozag, laboratory
D:13:     layout_rooms, serial_shops, nicolae_shop_tiny_statue_garden,
          enter_trove_2, nemelex_spade_bored_becter
D:14:     layout_basic, grunt_vaults_entry_fortified
D:15:     grunt_enter_depths_hoard, layout_gridville, corner_web_ring
Lair:1:   layout_chaotic_city, serial_bayou_crossing, grunt_megastairs_3,
          uniq_jeremiah
Lair:2:   layout_chaotic_city, nicolae_spider_entry_tight_spaces,
          infiniplex_staircase_pool_2, uniq_amaemon
Lair:3:   layout_hall_layers, minmay_shoals_entry_centaurs
Lair:4:   layout_cave_pods, kennysheep_basilisk_garden, lemuel_fruit_tree,
          uniq_josephine, uniq_urug
Lair:5:   minmay_lair_end_enchanted_forest, layout_gridlike, slime_entry_1,
          ebering_ghost_disaster_area, infiniplex_staircase_pool, uniq_sonja
Shoals:1: layout_shoals, nicolae_shoals_land_atoll, nicolae_take_the_stairs,
          nicolae_shop_overcharged_wands, uniq_nikola
Shoals:2: layout_shoals, hellmonk_ghost_happy_afterlife
Shoals:3: layout_shoals, lemuel_altar_in_water
Shoals:4: shoals_end_hangedman, layout_shoals
Spider:1: cheibrodos_spider_deadly_dance, nicolae_spider_some_kinda_spiderbox
Spider:2: layout_cave_pods
Spider:3: layout_spider_delve
Spider:4: grunt_spider_rune_parallel
Orc:1:    layout_caves, uniq_harold
Orc:2:    grunt_orc_cross, layout_caves, maelrawn_ghost_gauntlet_escape,
          uniq_azrael, uniq_erolcha, uniq_jorgrun
Elf:1:    eino_elf_arrival_customs, layout_onion_city, serial_shops,
          nicolae_shop_tiny_glass, nicolae_elf_blasts_and_bolts
Elf:2:    nicolae_elf_blades_splatter_lattice [grunt_blade_entry_basic],
          layout_geoelf_octagon, serial_shops, nicolae_shop_peninsula,
          lemuel_flamethrower_hall
Elf:3:    grunt_elf_hall_asides, layout_gridlike
Depths:1: layout_gridville, ebering_ghost_reflecting_pool, kennysheep_path_1,
          lightli_too_deep, zin_academy, grunt_megastairs_1
Depths:2: nicolae_aperiodic_l_corner, layout_gridlike, enter_ziggurat_a,
          grunt_hell_entry_dis_old, grunt_pan_entry_zigzag, abyss_entry,
          nicolae_concentric_dashed_squares_mild,
          hellmonk_guarded_unrand_salamander, uniq_norris, uniq_sojobo

Skill      XL: |  1  2  3  4  5  6  7  8  9 10 11 12 13 14 15 16 17 18 19 20 |
---------------+-------------------------------------------------------------+-----
Axes           | 4 5 6 7 8 9 11 13 15 17 18 19 20 22 24 | 24.0
Fighting       | 4 5 6 7 8 10 11 12 13 14 15 16 17 18 19 | 19.6
Ranged Weapons | 2 3 4 5 7 10 13 16 17 18 | 18.3
Evocations     | 3 5 7 8 9 10 11 | 11.2
Armour         | 5 8 10 11 13 14 15 | 15.9
Stealth        | 1 4 6 7 9 10 | 10.3
Dodging        | 3 6 7 9 11 12 | 12.7
Throwing       | 1 6 8 |  8.9

Action                     |  1- 3 |  4- 6 |  7- 9 | 10-12 | 13-15 | 16-18 | 19-21 || total
---------------------------+-------+-------+-------+-------+-------+-------+-------++-------
  Melee: Hand axe          |    85 |    60 |       |       |       |       |       ||   145
         Headbutt          |    11 |     6 |    25 |    85 |   135 |   156 |    85 ||   503
         Punch             |     2 |       |     2 |     3 |     5 |       |     5 ||    17
         Morningstar       |       |    13 |   125 |       |       |       |       ||   138
         War axe           |       |       |    38 |   373 |     6 |       |       ||   417
         Halberd           |       |       |       |    11 |    13 |       |       ||    24
         Quarterstaff      |       |       |       |    40 |    15 |    18 |       ||    73
         Broad axe         |       |       |       |       |   327 |       |       ||   327
         Demon whip        |       |       |       |       |    13 |       |       ||    13
         Trident           |       |       |       |       |    14 |       |       ||    14
         Battleaxe         |       |       |       |       |   208 |   361 |   144 ||   713
         Executioner's axe |       |       |       |       |       |   144 |     1 ||   145
         Trishula          |       |       |       |       |       |    21 |   124 ||   145
   Fire: Sling             |     5 |    66 |    72 |       |       |       |       ||   143
         Shortbow          |       |       |       |    84 |       |       |       ||    84
         Orcbow            |       |       |       |    22 |   258 |       |       ||   280
         Arbalest          |       |       |       |       |   268 |   455 |   364 ||  1087
  Throw: Stone             |     6 |     1 |       |       |       |       |       ||     7
         Dart              |       |       |    14 |       |     2 |       |       ||    16
         Boomerang         |       |       |       |       |     1 |     7 |    24 ||    32
 Invoke: Berserk           |     1 |     1 |     8 |     9 |    28 |    25 |     5 ||    77
         Trog's Hand       |       |     1 |     2 |    16 |    45 |    37 |    13 ||   114
  Evoke: Wand              |       |       |     5 |     2 |    11 |     9 |    10 ||    37
         Phantom mirror    |       |       |       |     2 |       |       |       ||     2
         Sack of spiders   |       |       |       |       |       |       |     1 ||     1
         Condenser vane    |       |       |       |       |       |       |     1 ||     1
    Use: Scroll            |     3 |     1 |     6 |    13 |    18 |    10 |     3 ||    54
         Potion            |       |       |       |     2 |     8 |     5 |     2 ||    17
   Stab: Invisible         |       |       |       |     3 |     1 |     9 |       ||    13
         Paralysed         |       |       |       |       |       |     4 |       ||     4
 Armour: Animal skin       |    36 |       |       |       |       |       |       ||    36
         Ring mail         |     5 |    30 |       |       |       |       |       ||    35
         Chain mail        |       |    21 |    10 |       |       |       |       ||    31
         Plate armour      |       |       |   152 |   322 |   547 |   646 |   327 ||  1994
  Dodge: Dodged            |    53 |    56 |   119 |   305 |   716 |   661 |   409 ||  2319
         Repelled          |       |       |       |       |       |       |    16 ||    16
Riposte: Battleaxe         |       |       |       |       |    15 |    72 |    32 ||   119
         Quarterstaff      |       |       |       |       |       |     3 |       ||     3
         Executioner's axe |       |       |       |       |       |    28 |     1 ||    29
         Trishula          |       |       |       |       |       |     3 |    30 ||    33

Table legend: (Time is in decaauts)
 A = Elapsed time spent in this place.
 B = Non-inter-level travel time spent in this place.
 C = Inter-level travel time spent in this place.
 D = Time resting spent in this place.
 E = Time spent auto-exploring this place.
 F = Levels seen in this place.
 G = Mean time per level.
                   A        B        C        D        E       F      G
               +--------+--------+--------+--------+--------+-----+--------+
         Total |  84900 |  80654 |   4246 |  50001 |  18988 |  38 | 2234.2 |
       Dungeon |  19493 |  17617 |   1876 |   6061 |   8773 |  15 | 1299.5 |
          Lair |  14891 |  13863 |   1028 |   8990 |   3452 |   5 | 2978.2 |
        Shoals |  10140 |   9958 |    182 |   6474 |   2079 |   4 | 2535.0 |
   Spider Nest |  15517 |  15034 |    483 |  11544 |   1933 |   4 | 3879.2 |
  Orcish Mines |   9938 |   9535 |    403 |   7715 |    687 |   2 | 4969.0 |
   Elven Halls |   5278 |   5074 |    204 |   2409 |   1172 |   3 | 1759.3 |
        Depths |   5694 |   5626 |     68 |   3635 |    724 |   2 | 2847.0 |
         Trove |    157 |    157 |      0 |    100 |      1 |   1 |  157.0 |
        Bailey |    658 |    658 |      0 |    353 |     87 |   1 |  658.0 |
      Ice Cave |   3131 |   3131 |      0 |   2717 |     77 |   1 | 3131.0 |
               +--------+--------+--------+--------+--------+-----+--------+

Top non-repeatable levels by time:
   Orc:2: 7861 daAuts
Spider:4: 7761 daAuts
  Lair:5: 7708 daAuts
Shoals:4: 6312 daAuts
Depths:2: 3262 daAuts
   IceCv: 3131 daAuts
  Lair:2: 3012 daAuts
   Elf:3: 2777 daAuts
Spider:3: 2652 daAuts
Spider:2: 2578 daAuts
Spider:1: 2525 daAuts
     D:8: 2507 daAuts
Depths:1: 2431 daAuts
    D:14: 2212 daAuts
   Orc:1: 2076 daAuts
